 Dungeon Crawl Stone Soup version 0.26-a0-812-g31a745ddcd (webtiles) character file.

Game seed: 7228317414774081566

478 HagarQim the Conjurer (level 6, -5/47 HPs)
             Began as a Draconian Conjurer on Nov 13, 2020.
             Was a Follower of Elyvilon.
             Slain by Edmund the warg (9 damage)
             ... on level 4 of the Dungeon.
             The game lasted 00:17:15 (3598 turns).

HagarQim the Conjurer (Draconian Conjurer)          Turns: 3598, Time: 00:17:16

Health: -5/47      AC:  8    Str: 10    XL:     6   Next: 85%
Magic:  8/19       EV: 12    Int: 19    God:    Elyvilon [*.....]
Gold:   123        SH:  0    Dex: 10    Spells: 8/11 levels left

rFire    . . .     SeeInvis .   a - +0 scythe
rCold    . . .     Faith    .   (shield currently unavailable)
rNeg     . . .     Spirit   .   (armour unavailable)
rPois    .         Reflect  .   (helmet restricted)
rElec    .         Harm     .   m - +0 cloak
rCorr    .         Rampage  .   (no gloves)
MR       .....                  q - +0 pair of boots
Stlth    +++.......             (no amulet)
HPRegen  0.15/turn              f - ring of magical power
MPRegen  0.16/turn              c - ring of stealth

@: brilliant, protection
A: unfitting armour, cold-blooded, AC +6
a: Lesser Healing, Divine Protection, Renounce Religion


You were on level 4 of the Dungeon.
You worshipped Elyvilon.
Elyvilon was aware of your devotion.
You visited 1 branch of the dungeon, and saw 4 of its levels.

You collected 123 gold pieces.

Inventory:

Hand Weapons
 a - a +0 scythe (weapon)
 b - a +0 spear
 d - a +0 short sword
 g - a +0 short sword
Missiles
 h - 5 atropa-tipped darts (quivered)
 o - 6 boomerangs
Armour
 m - a +0 cloak (worn)
 q - a +0 pair of boots (worn)
Jewellery
 c - a ring of stealth (right hand)
 f - a ring of magical power (left hand)
 n - an uncursed ring of protection from magic
Wands
 p - a wand of polymorph (7)
Scrolls
 l - a scroll of magic mapping
 r - 2 scrolls of amnesia
Potions
 i - 2 potions of flight


   Skills:
 + Level 1.4 Fighting
 + Level 2.8 Polearms
 + Level 3.0 Dodging
 + Level 3.6 Stealth
 + Level 3.0 Spellcasting
 + Level 5.1 Conjurations
 * Level 1.5 Invocations


You had 8 spell levels left.
You knew the following spells:

 Your Spells              Type           Power        Failure   Level
a - Magic Dart            Conj           ####         1%          1
b - Searing Ray           Conj           ####..       2%          2

Your spell library contained the following spells:

 Spells                   Type           Power        Failure   Level
 Dazzling Flash           Conj/Hex       ###...       16%         3
 Fulminant Prism          Conj/Hex       ###.......   45%         4
 Iskenderun's Mystic Bla  Conj/Tloc      ###.....     45%         4
 Summon Demon             Summ           #.........   99%         5
 Summon Forest            Summ/Tloc      #.........   99%         5
 Summon Mana Viper        Hex/Summ       #.......     99%         5
 Shadow Creatures         Summ           N/A          100%        6
 Summon Hydra             Summ           #.........   100%        7


Dungeon Overview and Level Annotations

Branches:
Dungeon (4/15)
 Temple: D:4-7

Altars:
Dithmenos
Elyvilon
Makhleb
Uskayaw

Shops:
D:4 [

Annotations:
D:4 Edmund


Innate Abilities, Weirdness & Mutations

Your plain brown scales are hard. (AC +6)
You cannot fit into any form of body armour.
You are cold-blooded and may be slowed by cold attacks.


Message History

As you read the scroll labelled VOCHEO VOERCH, it crumbles to dust.
You feel blessed for a moment.
It was a scroll of remove curse.
Edmund hits you but does no damage.
As you read the scroll labelled HYKUTO YSCHIGIU, it crumbles to dust.
The creatures around you are filled with an inner flame!
It was a scroll of immolation.
Edmund closely misses you.
Okay, then.
Evoke which item? (* to show all) (? for menu, Esc to quit)
Aiming: Polymorph
Press: ? - help, Shift-Dir - straight line, f/p - Edmund
Aim: Edmund, wielding a +0 flail of protection and wearing a +0 ring mail (lightly wounded, inner flame, will become a worm, a warg, or a centaur, chance to defeat MR: 46%) Edmund evaporates and reforms as a warg!
Edmund bites you!
* * * LOW HITPOINT WARNING * * *
Okay, then.
Unknown command.
You beseech Elyvilon to protect your life.
Edmund barely misses you. Edmund bites you!
You die...

# .......
#.#....#
#......#
#<..# #...#
####...#
.......?..#
######.#.##
##.h@.#
#.....#
#....##
#.#.##
#.#.# . ..#
## ###


You could see Edmund the warg.

Vanquished Creatures
  Grinder (D:3)
  Sigmund (D:2)
  A hound (D:2)
  2 adders
  5 worms
  4 leopard geckos
  An orc (D:3)
  A ball python (D:1)
  3 giant cockroaches
  5 goblins
  8 hobgoblins
  4 jackals (D:2)
  A quokka (D:4)
  5 bats
  5 frilled lizards
  10 kobolds
  5 rats
62 creatures vanquished.

Vanquished Creatures (others)
  A fungus (D:1)
1 creature vanquished.

Grand Total: 63 creatures vanquished

Notes
Turn   | Place    | Note
-------+----------+-------------------------------------------
     0 | D:1      | HagarQim the Draconian Conjurer began the quest for the
                  | Orb.
     0 | D:1      | Reached XP level 1. HP: 14/14 MP: 3/3
   788 | D:1      | Reached XP level 2. HP: 20/20 MP: 5/5
  1467 | D:2      | Reached XP level 3. HP: 23/26 MP: 6/6
  1521 | D:2      | Noticed Sigmund
  1533 | D:2      | Killed Sigmund
  1533 | D:2      | Reached skill level 1 in Polearms
  1533 | D:2      | Reached skill level 5 in Conjurations
  1533 | D:2      | Reached XP level 4. HP: 24/34 MP: 4/8
  1533 | D:2      | Reached XP level 5. HP: 27/39 MP: 4/9
  1658 | D:2      | Found a hide-covered altar of Uskayaw.
  2024 | D:2      | Found a shadowy altar of Dithmenos.
  2088 | D:2      | Found a white marble altar of Elyvilon.
  2101 | D:2      | Became a worshipper of Elyvilon the Healer
  2242 | D:2      | Learned a level 2 spell: Searing Ray
  2320 | D:2      | Found a burning altar of Makhleb.
  2812 | D:3      | Reached skill level 1 in Fighting
  2870 | D:3      | Reached XP level 6. HP: 47/47 MP: 10/10
  2887 | D:3      | Reached * piety under Elyvilon
  3115 | D:3      | Noticed Grinder
  3119 | D:3      | Paralysed by Grinder for 3 turns
  3126 | D:3      | Killed Grinder
  3126 | D:3      | Reached skill level 1 in Invocations
  3569 | D:4      | Found Jamumyerr's Antique Armour Shoppe.
  3572 | D:4      | Noticed Edmund
  3596 | D:4      | Noticed Edmund
  3596 | D:4      | Edmund changed into Edmund the warg
  3598 | D:4      | Slain by Edmund the warg

Illustrated notes

Levels and vault maps discovered:
D:1:      dpeg_cavernosity, layout_basic
D:2:      layout_loops_cross, lemuel_doored_altar, overflow_temple_1_default,
          makhleb_heckhound_becter, nicolae_dithmenos_shadow_blocks,
          uniq_sigmund
D:3:      layout_basic, uniq_grinder
D:4:      layout_loops_ring, minitemple, nicolae_overflow_hidden_temple,
          serial_shops, nicolae_shop_stone, shop, kennysheep_mini, shop,
          corexii_checkpoint_b, uniq_eustachio, uniq_edmund, uniq_robin

Skill      XL: |  1  2  3  4  5  6 |
---------------+-------------------+-----
Dodging        | 2 3 |  3.0
Stealth        | 2 3 |  3.6
Polearms       | 1 2 |  2.8
Conjurations   | 5 |  5.1
Spellcasting   | 3 |  3.0
Fighting       | 1 |  1.4
Invocations    | 1 |  1.5

Action                   |  1- 3 |  4- 6 || total
-------------------------+-------+-------++-------
Melee: Spear             |    61 |       ||    61
       Unarmed           |     4 |       ||     4
       Tailslap          |     5 |     6 ||    11
       Scythe            |       |    85 ||    85
 Cast: Magic Dart        |    31 |    20 ||    51
       Searing Ray       |       |     8 ||     8
Invok: Divine Protection |       |     1 ||     1
       Lesser Healing    |       |     1 ||     1
Evoke: Wand              |       |     1 ||     1
  Use: Scroll            |     4 |     5 ||     9
       Potion            |       |     1 ||     1
 Stab: Sleeping          |     3 |    10 ||    13
       Distracted        |       |     1 ||     1
Armor: Skin              |     9 |    40 ||    49
Dodge: Dodged            |    40 |    95 ||   135

Table legend: (Time is in decaauts)
 A = Elapsed time spent in this place.
 B = Non-inter-level travel time spent in this place.
 C = Inter-level travel time spent in this place.
 D = Time resting spent in this place.
 E = Time spent auto-exploring this place.
 F = Levels seen in this place.
 G = Mean time per level.
                   A        B        C        D        E       F      G
               +--------+--------+--------+--------+--------+-----+--------+
         Total |   3677 |   3576 |    101 |   1172 |   1772 |   4 |  919.2 |
       Dungeon |   3677 |   3576 |    101 |   1172 |   1772 |   4 |  919.2 |
               +--------+--------+--------+--------+--------+-----+--------+

Top non-repeatable levels by time:
     D:1: 1457 daAuts
     D:2: 1159 daAuts
     D:3: 1026 daAuts
     D:4: 33 daAuts
